 Dungeon Crawl Stone Soup version 0.29-a0-243-g602b31c20e (webtiles) character file.

Game seed: 17564319151208377781

128 sammy202020 the Skirmisher (level 4, -3/55 HPs)
             Began as a Demonspawn Berserker on Mar 5, 2022.
             Was a Believer of Trog.
             Slain by a water moccasin (7 damage)
             ... on level 7 of the Dungeon.
             The game lasted 00:04:44 (3878 turns).

sammy202020 the Skirmisher (Demonspawn Berserker)   Turns: 3878, Time: 00:04:44

Health: -3/55      AC: 10    Str: 17    XL:     4   Next: 87%
Magic:  4/4        EV: 12    Int: 10    God:    Trog [**....]
Gold:   127        SH:  0    Dex: 13    Spells: 3/3 levels left

rFire   . . .      SeeInvis .   a - +0 mace
rCold   . . .      Faith    .   (no shield)
rNeg    + . .      Spirit   .   b - +0 scale mail
rPois   .          Reflect  .   (no helmet)
rElec   .          Harm     .   (no cloak)
rCorr   .          Rampage  .   (no gloves)
Will    .....                   (no boots)
Stlth   ..........              (no amulet)
HPRegen 0.18/turn               n - ring of positive energy
MPRegen 0.09/turn               k - +4 ring of protection

@: berserking (expiring), lethally poisoned (-3 -> -18), very quick
A: repulsion field 1
a: Renounce Religion, Berserk, Trog's Hand


You were on level 7 of the Dungeon.
You worshipped Trog.
Trog was pleased with you.
You visited 1 branch of the dungeon, and saw 5 of its levels.

You collected 127 gold pieces.

Inventory:

Hand Weapons
 a - a +0 mace (weapon)
Armour
 b - a +0 scale mail (worn)
Jewellery
 d - a +6 ring of intelligence
 k - a +4 ring of protection (right hand)
 n - a ring of positive energy (left hand)
Wands
 u - a wand of digging (4)
Scrolls
 c - 2 scrolls of teleportation {unknown}
 e - 2 scrolls of magic mapping {unknown}
 h - 5 scrolls of identify {unknown}
 i - 2 scrolls of summoning {unknown}
 l - 2 scrolls of blinking {unknown}
 o - 4 scrolls of fear {unknown}
 p - a scroll of immolation {unknown}
 s - a scroll of fog {unknown}
 v - a scroll of enchant armour {unknown}
Potions
 f - 2 potions of lignification {unknown}
 g - a potion of cancellation {unknown}
 j - 4 potions of heal wounds {unknown}
 m - 3 potions of curing {unknown}
 q - 2 potions of mutation {unknown}
 r - a potion of degeneration {unknown}
 t - a potion of berserk rage {unknown}


   Skills:
 + Level 3.8 Fighting
 + Level 3.4 Maces & Flails
 + Level 2.8 Armour
 + Level 2.7 Dodging


You had 3 spell levels left.
You didn't know any spells.
Your spell library was empty.

Dungeon Overview and Level Annotations

Branches:
Dungeon (4/15)
 Temple: D:4-7

Altars:
Uskayaw

Shops:
D:1 !   D:7 (


Innate Abilities, Weirdness & Mutations

You are surrounded by a mild repulsion field. (EV +2)


Message History

You feel sick.
The water moccasin bites you but does no damage.
You closely miss the water moccasin.
The water moccasin is moderately wounded.
You hear the faint creaking of a very distant portcullis.
You feel sick. The water moccasin closely misses you.
The water moccasin bites you but does no damage.
You closely miss the water moccasin.
The water moccasin is moderately wounded.
The water moccasin bites you but does no damage.
You hit the water moccasin.
The water moccasin is heavily wounded.
You feel sick.
The water moccasin bites you but does no damage.
You closely miss the water moccasin.
The water moccasin is heavily wounded.
You feel sick.
You are no longer poisoned.
The water moccasin bites you but does no damage.
You barely miss the water moccasin.
The water moccasin is heavily wounded.
The water moccasin bites you.
You are poisoned.
The water moccasin poisons you!
You closely miss the water moccasin.
The water moccasin is heavily wounded.
You feel very sick.
The water moccasin bites you but does no damage.
You sock the water moccasin!
The water moccasin is almost dead.
You feel sick. The water moccasin bites you!
* * * LOW HITPOINT WARNING * * *
You are more poisoned.
The water moccasin poisons you!
You closely miss the water moccasin.
The water moccasin is almost dead.
* * * LOW HITPOINT WARNING * * *
You feel very sick. The water moccasin barely misses you.
The water moccasin bites you!
You die...

####### ########.....
#.......... #
#.....##.#### #.#
###...........##.#.#
#..................#
#.#.....##.##.##.####
.....##@####..........#
###. #S# ####......##.
# ... #.####.# .....
#.# #.# ......# #.# #.#
....<..# #.# #.#
..∩.....# #.# #.#
#...###### #.####.###
#.........


You could see a water moccasin.

Vanquished Creatures
  A hound (D:4)
  4 adders
  A dart slug (D:4)
  3 orcs
  5 bats
  6 endoplasms
  A giant cockroach (D:4)
  5 goblins
  5 hobgoblins
  3 quokkas
  11 ball pythons
  3 frilled lizards
  3 kobolds
  6 rats
57 creatures vanquished.

Notes
Turn   | Place    | Note
-------+----------+-------------------------------------------
     0 | D:1      | sammy202020 the Demonspawn Berserker began the quest for
                  | the Orb.
     0 | D:1      | Reached XP level 1. HP: 18/18 MP: 1/1
   537 | D:1      | Gained mutation: You are surrounded by a mild repulsion
                  | field. (EV +2) [demonic ancestry]
   537 | D:1      | Reached XP level 2. HP: 24/24 MP: 2/2
   794 | D:1      | Found Cuumang's Distillery.
   922 | D:1      | Found a faded altar of an unknown god.
  1982 | D:2      | Reached XP level 3. HP: 29/29 MP: 3/3
  2176 | D:2      | Reached ** piety under Trog
  3006 | D:3      | Reached XP level 4. HP: 28/35 MP: 4/4
  3757 | D:4      | Found a hide-covered altar of Uskayaw.
  3822 | D:4      | You fall into a shaft and drop 3 floors!
  3860 | D:7      | Noticed a water moccasin
  3861 | D:7      | Found Gonwabep's Weapon Boutique.
  3878 | D:7      | Slain by a water moccasin

Illustrated notes

Levels and vault maps discovered:
D:1:      dpeg_arrival_fog, layout_basic, ebering_ecumenical_altar_hall,
          serial_shops, shop_statue, minmay_door_square
D:2:      layout_loops_corners
D:3:      layout_basic, hangedman_abyss_or_decor_stabs, kennysheep_boxes
D:4:      layout_basic, mainiacjoe_overflow_tiny_flanked,
          minmay_misc_feat_enclosed
D:7:      layout_loops_ring, serial_shops, nicolae_lakefront_shop,
          kennysheep_mini_moat, kennysheep_little_box, shop, enter_bailey_8

Skill      XL: |  1  2 |
---------------+-------+-----
Armour         | 2 |  2.8
Dodging        | 2 |  2.7
Maces & Flails | 3 |  3.4
Fighting       | |  3.8

Action                   |  1- 3 |  4- 6 || total
-------------------------+-------+-------++-------
Melee: Mace              |   154 |    79 ||   233
       Punch             |     2 |       ||     2
Invok: Berserk           |       |     1 ||     1
 Stab: Sleeping          |     3 |       ||     3
Armor: Animal skin       |    19 |       ||    19
       Scale mail        |    39 |    42 ||    81
Dodge: Dodged            |   125 |    66 ||   191

Table legend: (Time is in decaauts)
 A = Elapsed time spent in this place.
 B = Non-inter-level travel time spent in this place.
 C = Inter-level travel time spent in this place.
 D = Time resting spent in this place.
 E = Time spent auto-exploring this place.
 F = Levels seen in this place.
 G = Mean time per level.
                   A        B        C        D        E       F      G
               +--------+--------+--------+--------+--------+-----+--------+
         Total |   3928 |   3832 |     96 |    563 |   2667 |   5 |  785.6 |
       Dungeon |   3928 |   3832 |     96 |    563 |   2667 |   5 |  785.6 |
               +--------+--------+--------+--------+--------+-----+--------+

Top non-repeatable levels by time:
     D:1: 1518 daAuts
     D:2: 1240 daAuts
     D:3: 676 daAuts
     D:4: 438 daAuts
     D:7: 55 daAuts
